 Dungeon Crawl Stone Soup version 0.27-a0-1431-gcffa5a9b16 (webtiles) character file.

Game seed: 2284198833690743408

5872 mandarbmax the Martial Artist (level 10, -4/76 HPs)
             Began as a Gnoll Transmuter on July 2, 2021.
             Was a Believer of Cheibriados.
             Slain by Harold (28 damage)
             ... on level 8 of the Dungeon.
             The game lasted 00:20:14 (9908 turns).

mandarbmax the Martial Artist (Gnoll Transmuter)    Turns: 9908, Time: 00:20:14

Health: -4/76      AC:  2    Str: 15    XL:     10   Next: 81%
Magic:  17/21      EV: 26    Int: 18    God:    Cheibriados [**....]
Gold:   410        SH:  5    Dex: 22    Spells: 12/24 levels left

rFire    x . .     SeeInvis .     - Unarmed
rCold    + + .     Faith    .   (shield currently unavailable)
rNeg     . . .     Spirit   .   (armour currently unavailable)
rPois    x         Reflect  +   (helmet currently unavailable)
rElec    .         Harm     .   (cloak currently unavailable)
rCorr    .         Rampage  .   (gloves currently unavailable)
Will     .....                  (boots currently unavailable)
Stlth    +++.......             k - amulet of reflection
HPRegen  0.22/turn              t - ring of protection from cold
MPRegen  0.17/turn              q - ring of ice

@: brilliant, spider-form, marked, studying Hexes, very slow
A: venomous fangs, tiny, (fangs 1), strong nose, distributed training, (antennae
1), passive freeze
a: End Transformation, Renounce Religion, Bend Time


You were on level 8 of the Dungeon.
You worshipped Cheibriados.
Cheibriados was pleased with you.
You were a venomous arachnid creature.
You visited 2 branches of the dungeon, and saw 9 of its levels.
You also visited: Sewer.

You collected 410 gold pieces.

Inventory:

Armour
 a - a +0 robe
 p - a +4 ring mail (melded)
 F - a +2 robe of positive energy
Jewellery
 k - an amulet of reflection (around neck)
 q - a ring of ice (right front leg)
 t - a ring of protection from cold (left front leg)
 y - a ring of see invisible
Wands
 x - a wand of mindburst (18)
 B - a wand of iceblast (5)
 E - a wand of digging (4)
Scrolls
 d - a scroll of vulnerability {unknown}
 e - 2 scrolls of enchant armour {unknown}
 h - a scroll of acquirement {unknown}
 j - 8 scrolls of teleportation
 l - a scroll of noise {unknown}
 m - 2 scrolls of amnesia
 o - a scroll of fear
 u - a scroll of fog {unknown}
 v - a scroll of immolation
 A - a scroll of magic mapping {unknown}
Potions
 b - 3 potions of attraction
 c - 2 potions of magic
 f - a potion of ambrosia
 i - a potion of resistance
 n - 2 potions of lignification
 r - a potion of brilliance
 s - a potion of degeneration
 w - a potion of haste {unknown}
 z - a potion of mutation
 C - a potion of berserk rage {unknown}
 D - a potion of invisibility {unknown}


   Skills:
 + Level 6.2 Fighting
 + Level 5.6 Short Blades
 + Level 5.6 Long Blades
 + Level 5.6 Axes
 + Level 5.6 Maces & Flails
 + Level 5.6 Polearms
 + Level 5.6 Staves
 + Level 5.6 Slings
 + Level 5.6 Bows
 + Level 5.6 Crossbows
 + Level 5.6 Throwing
 + Level 5.6 Armour
 + Level 7.3 Dodging
 + Level 5.6 Stealth
 + Level 5.6 Shields
 + Level 8.7 Unarmed Combat
 + Level 7.6 Spellcasting
 + Level 4.6 Conjurations
 + Level 6.0 Hexes
 + Level 4.6 Summonings
 + Level 4.6 Necromancy
 + Level 4.6 Translocations
 + Level 6.1 Transmutations
 + Level 4.6 Fire Magic
 + Level 4.6 Ice Magic
 + Level 4.6 Air Magic
 + Level 4.6 Earth Magic
 + Level 4.6 Poison Magic
 + Level 6.2 Invocations
 + Level 5.6 Evocations


You had 12 spell levels left.
You knew the following spells:

 Your Spells              Type           Power      Damage    Failure   Level
a - Ice Form              Ice/Tmut       56%        N/A       26%         4
b - Wereblood             Tmut           43%        N/A       6%          2
c - Spider Form           Tmut/Pois      19%        N/A       11%         3
d - Swiftness             Air            35%        N/A       14%         3

Your spell library contained the following spells:

 Spells                   Type           Power      Damage    Failure   Level
 Beastly Appendage        Tmut           86%        N/A       4%          1
 Foxfire                  Conj/Fire      100%       2x1d9     7%          1
 Magic Dart               Conj           100%       1d8       7%          1
 Shock                    Conj/Air       100%       1d9       7%          1
 Summon Small Mammal      Summ           100%       N/A       7%          1
 Passwall                 Tmut/Erth      32%        N/A       7%          2
 Call Imp                 Summ           35%        N/A       9%          2
 Static Discharge         Conj/Air       35%        N/A       9%          2
 Dazzling Flash           Conj/Hex       78%        N/A       11%         3
 Inner Flame              Hex/Fire       39%        N/A       11%         3
 Summon Guardian Golem    Hex/Summ       39%        N/A       11%         3
 Ignite Poison            Fire/Tmut/Pois 38%        N/A       12%         3
 Call Canine Familiar     Summ           35%        N/A       14%         3
 Conjure Flame            Conj/Fire      35%        6-21      14%         3
 Frozen Ramparts          Ice            100%       1d12      14%         3
 Gell's Gravitas          Tloc           17%        N/A       14%         3
 Mephitic Cloud           Conj/Pois/Air  35%        N/A       14%         3
 Teleport Other           Tloc           35%        N/A       14%         3
 Airstrike                Air            17%        N/A       34%         4
 Dispel Undead            Necr           35%        3d15      34%         4
 Hailstorm                Conj/Ice       52%        3d12      34%         4
 Sticky Flame             Conj/Fire      35%        2d5       34%         4
 Summon Ice Beast         Ice/Summ       52%        N/A       34%         4
 Alistair's Intoxication  Tmut/Pois      26%        N/A       52%         5
 Silence                  Hex/Air        19%        N/A       52%         5
 Agony                    Necr           35%        N/A       61%         5
 Bolt of Magma            Conj/Fire/Erth 17%        4d9       61%         5
 Borgnjor's Vile Clutch   Necr/Erth      17%        N/A       61%         5
 Invisibility             Hex            21%        N/A       91%         6
 Eringya's Noxious Bog    Tmut/Pois      19%        N/A       95%         6
 Dispersal                Tloc           17%        N/A       98%         6
 Simulacrum               Ice/Necr       26%        N/A       98%         6


Dungeon Overview and Level Annotations

Branches:
Dungeon (8/15)             Temple (1/1) D:6           Sewer (visited)
   Lair: D:8-11

Altars:
Ashenzari
Cheibriados
Dithmenos
Elyvilon
Fedhas
Gozag
Hepliaklqana
Kikubaaqudgha
Makhleb
Nemelex Xobeh
Okawaru
Ru
Sif Muna
Trog
Uskayaw
Vehumet
Wu Jian
Xom
Yredelemnul
Zin
The Shining One

Annotations:
D:8 Harold


Innate Abilities, Weirdness & Mutations

You are a venomous arachnid creature.
You have poisonous fangs.
You are tiny and dextrous.
Your spellcasting is less reliable in this form.
Your armour is entirely melded.
You are incapable of wielding weapons or throwing items.
((You have very sharp teeth.))
Your uncanny sense of smell can sniff out nearby items.
Your experience applies equally to all skills.
((You have a pair of small antennae on your head.))
A frigid envelope surrounds you and freezes all who hurt you.


Message History

You can read scrolls again.
The steam dragon misses you.
The steam dragon claws you but does no damage.
The steam dragon is very cold.
The steam dragon is severely wounded.
Items here: ( ))) †.
Okay, then.
Okay, then.
You hit the steam dragon. You freeze the steam dragon.
The steam dragon is almost dead.
The steam dragon bites you but does no damage.
The steam dragon is very cold.
You kill the steam dragon!
Cheibriados appreciates the change of pace.
The steam dragon scales are intact enough to wear.
Harold fires a harpoon shot at you. The harpoon shot misses you.
You feel better.
Okay, then.
You hit Harold but do no damage.
Harold is lightly wounded.
Harold completely misses you.
Unknown command.
You punch Harold! You freeze Harold.
Harold is moderately wounded.
You hit Harold but do no damage.
Harold is moderately wounded.
You warm up again.
Your +4 ring mail unmelds from your body.
Harold gestures at you while chanting. A sentinel's mark forms upon you.
Unknown command.
Unknown command.
You are too injured to fight recklessly!
Casting: Ice Form (dangerous; 21% risk of failure)
Confirm with . or Enter, or press ? or * to list all spells.
You feel a surge of power!
You turn into a venomous arachnid creature.
Your +4 ring mail melds into your body.
Harold hits you with a +0 scimitar!!
You die...

#.#...............
#.......#####.....
#.#...............
#.#####.#####.....
#.# #.# #...†) #.#
#.# ###.#. #.# #.#
#.#. #### #.# #.#
#.#. ... #s# #..
..#<
######.##@########
###.
........).........
##
....##..#######.#.
# #.....c...
#.........
#.........
#.........
..........


You could see Harold.

Vanquished Creatures
  A two-headed ogre (D:8)
  Pikel (D:7)
  Psyche (D:8)
  Sigmund (D:5)
  2 wyverns (D:7)
  6 yaks
  3 steam dragons (D:8)
  Eustachio (D:5)
  Edmund (D:5)
  A water moccasin (D:5)
  Duvessa (D:5)
  An ice beast (D:5)
  A sky beast (D:5)
  A black bear (D:8)
  A necrophage (D:4)
  3 ogres
  A centaur (D:8)
  3 lemures (D:7)
  Blork the orc (D:5)
  4 bullfrogs (D:7)
  2 scorpions
  2 water moccasin zombies (D:5)
  Dowan (D:5)
  7 wights (D:7)
  A howler monkey (D:8)
  2 centaur zombies (D:7)
  A bullfrog zombie (D:5)
  2 hounds
  A centaur skeleton (D:4)
  5 orc priests
  A bullfrog skeleton (D:6)
  2 iguanas (D:5)
  A scorpion zombie (D:5)
  2 orc wizards
  A howler monkey skeleton (D:6)
  4 gnolls (D:2)
  A howler monkey zombie (D:6)
  10 adders
  2 shadow imps (D:7)
  3 white imps
  3 worms
  2 dart slugs (D:3)
  13 orcs
  5 endoplasms
  3 giant cockroaches
  6 goblins
  7 hobgoblins
  A jackal (D:4)
  4 quokkas
  7 ball pythons
  2 bats (D:1)
  9 frilled lizards
  5 kobolds
  A quokka skeleton (D:4)
  9 rats
163 creatures vanquished.

Notes
Turn   | Place    | Note
-------+----------+-------------------------------------------
     0 | D:1      | mandarbmax the Gnoll Transmuter began the quest for the
                  | Orb.
     0 | D:1      | Reached XP level 1. HP: 17/17 MP: 6/6
    68 | D:1      | Reached XP level 2. HP: 23/23 MP: 5/7
   559 | D:1      | Learned a level 2 spell: Wereblood
   730 | D:2      | Reached skill level 5 in Spellcasting
   730 | D:2      | Reached XP level 3. HP: 27/28 MP: 7/9
   922 | D:2      | Reached skill level 1 in Invocations
  1083 | D:2      | Reached skill level 1 in Short Blades
  1083 | D:2      | Reached skill level 1 in Long Blades
  1083 | D:2      | Reached skill level 1 in Axes
  1083 | D:2      | Reached skill level 1 in Maces & Flails
  1083 | D:2      | Reached skill level 1 in Polearms
  1083 | D:2      | Reached skill level 1 in Staves
  1083 | D:2      | Reached skill level 1 in Slings
  1083 | D:2      | Reached skill level 1 in Bows
  1083 | D:2      | Reached skill level 1 in Crossbows
  1083 | D:2      | Reached skill level 1 in Throwing
  1083 | D:2      | Reached skill level 1 in Armour
  1083 | D:2      | Reached skill level 1 in Stealth
  1083 | D:2      | Reached skill level 1 in Shields
  1083 | D:2      | Reached skill level 1 in Evocations
  1470 | D:2      | Reached XP level 4. HP: 34/34 MP: 7/11
  1474 | D:2      | Learned a level 3 spell: Spider Form
  2003 | D:2      | Reached skill level 1 in Conjurations
  2003 | D:2      | Reached skill level 1 in Hexes
  2003 | D:2      | Reached skill level 1 in Summonings
  2003 | D:2      | Reached skill level 1 in Necromancy
  2003 | D:2      | Reached skill level 1 in Translocations
  2003 | D:2      | Reached skill level 1 in Fire Magic
  2003 | D:2      | Reached skill level 1 in Ice Magic
  2003 | D:2      | Reached skill level 1 in Air Magic
  2003 | D:2      | Reached skill level 1 in Earth Magic
  2003 | D:2      | Reached skill level 1 in Poison Magic
  2457 | D:3      | Reached XP level 5. HP: 40/40 MP: 10/12
  3082 | D:4      | Noticed a necrophage
  3092 | D:4      | Killed a necrophage
  3093 | D:4      | Reached XP level 6. HP: 36/47 MP: 10/13
  3507 | D:4      | Gained mutation: You sometimes lose the ability to read
                  | scrolls when taking damage. [mutagenic glow]
  3788 | D:4      | Reached skill level 5 in Dodging
  3981 | D:4      | Noticed a yak
  3982 | D:4      | Noticed a yak
  3982 | D:4      | Noticed a yak
  3982 | D:4      | Noticed a yak
  3982 | D:4      | Noticed a yak
  3982 | D:4      | Noticed a yak
  4002 | D:4      | Killed a yak
  4003 | D:4      | Reached XP level 7. HP: 30/52 MP: 11/15
  4006 | D:4      | Killed a yak
  4007 | D:4      | Reached skill level 7 in Unarmed Combat
  4020 | D:4      | Killed a yak
  4362 | D:3      | Killed a yak
  4363 | D:3      | Reached XP level 8. HP: 49/60 MP: 11/16
  4500 | D:4      | Killed a yak
  4500 | D:4      | Killed a yak
  5277 | D:4      | Learned a level 3 spell: Swiftness
  5329 | D:5      | Entered Level 5 of the Dungeon
  5342 | D:5      | Noticed Sigmund
  5350 | D:5      | Noticed Edmund
  5356 | D:5      | Killed Sigmund
  5406 | D:5      | Reached skill level 5 in Transmutations
  5406 | D:5      | Reached XP level 9. HP: 59/66 MP: 14/18
  5516 | D:5      | Noticed Duvessa
  5516 | D:5      | Noticed Dowan
  5529 | D:5      | Killed Duvessa
  5538 | D:5      | Killed Dowan
  5546 | D:5      | Noticed Eustachio
  5563 | D:5      | Killed Eustachio
  5571 | D:5      | Found a glowing drain.
  5594 | Sewer    | Entered a sewer
  5838 | Sewer    | Reached skill level 5 in Fighting
  6078 | D:5      | Killed Edmund
  6192 | D:5      | Noticed Blork the orc
  6201 | D:5      | Killed Blork the orc
  6202 | D:5      | Reached skill level 8 in Unarmed Combat
  6516 | D:6      | Found a staircase to the Ecumenical Temple.
  6525 | Temple   | Entered the Ecumenical Temple
  6584 | Temple   | Became a worshipper of Cheibriados the Contemplative
  7684 | D:6      | Reached skill level 5 in Invocations
  8533 | D:7      | Reached * piety under Cheibriados
  8548 | D:7      | Reached XP level 10. HP: 74/74 MP: 14/20
  8637 | D:7      | Reached skill level 5 in Hexes
  8851 | D:7      | Reached skill level 5 in Short Blades
  8851 | D:7      | Reached skill level 5 in Long Blades
  8851 | D:7      | Reached skill level 5 in Axes
  8851 | D:7      | Reached skill level 5 in Maces & Flails
  8851 | D:7      | Reached skill level 5 in Polearms
  8851 | D:7      | Reached skill level 5 in Staves
  8851 | D:7      | Reached skill level 5 in Slings
  8851 | D:7      | Reached skill level 5 in Bows
  8851 | D:7      | Reached skill level 5 in Crossbows
  8851 | D:7      | Reached skill level 5 in Throwing
  8851 | D:7      | Reached skill level 5 in Armour
  8851 | D:7      | Reached skill level 5 in Stealth
  8851 | D:7      | Reached skill level 5 in Shields
  8851 | D:7      | Reached skill level 5 in Evocations
  8874 | D:7      | Noticed Pikel
  8993 | D:7      | Killed Pikel
  9334 | D:7      | Learned a level 4 spell: Ice Form
  9854 | D:8      | Noticed a two-headed ogre
  9870 | D:8      | Killed a two-headed ogre
  9872 | D:8      | Reached ** piety under Cheibriados
  9874 | D:8      | Noticed Psyche
  9882 | D:8      | Killed Psyche
  9896 | D:8      | Noticed Harold
  9900 | D:8      | Lost mutation: You sometimes lose the ability to read
                  | scrolls when taking damage. [potion of mutation]
  9900 | D:8      | Gained mutation: A frigid envelope surrounds you and
                  | freezes all who hurt you. [potion of mutation]
  9900 | D:8      | Gained mutation: You have a pair of small antennae on your
                  | head. [potion of mutation]
  9908 | D:8      | Slain by Harold

Illustrated notes

Levels and vault maps discovered:
D:1:      dpeg_arrival_tiny_g, layout_rooms
D:2:      layout_basic, chequers_decorated_corner
D:3:      layout_rooms, minmay_misc_feat_rows, minmay_misc_feat_alley
D:4:      layout_basic, palyth_stone_intersect, minmay_manual_mullet
D:5:      layout_loops_ring, cheibrodos_sewer_entry_drain, uniq_edmund,
          uniq_eustachio, uniq_blork_the_orc, uniq_sigmund, uniq_duvessa
D:6:      layout_loops_corners, minmay_temple_entry_grid, minivault_1
D:7:      layout_loops_ring, kennysheep_generic_room_13, uniq_pikel
D:8:      layout_basic, old_standard_altar, ebering_ghost_xom, uniq_harold,
          uniq_psyche, uniq_gastronok
Temple:   kilobyte_greek_temple

Skill      XL: |  1  2  3  4  5  6  7  8  9 10 |
---------------+-------------------------------+-----
Spellcasting   | 5 6 7 |  7.6
Invocations    | 1 2 3 4 5 6 |  6.2
Short Blades   | 1 2 3 4 5 |  5.6
Long Blades    | 1 2 3 4 5 |  5.6
Axes           | 1 2 3 4 5 |  5.6
Maces & Flails | 1 2 3 4 5 |  5.6
Polearms       | 1 2 3 4 5 |  5.6
Staves         | 1 2 3 4 5 |  5.6
Slings         | 1 2 3 4 5 |  5.6
Bows           | 1 2 3 4 5 |  5.6
Crossbows      | 1 2 3 4 5 |  5.6
Throwing       | 1 2 3 4 5 |  5.6
Armour         | 1 2 3 4 5 |  5.6
Stealth        | 1 2 3 4 5 |  5.6
Shields        | 1 2 3 4 5 |  5.6
Evocations     | 1 2 3 4 5 |  5.6
Conjurations   | 1 2 3 4 |  4.6
Hexes          | 1 2 3 4 6 |  6.0
Summonings     | 1 2 3 4 |  4.6
Necromancy     | 1 2 3 4 |  4.6
Translocations | 1 2 3 4 |  4.6
Fire Magic     | 1 2 3 4 |  4.6
Ice Magic      | 1 2 3 4 |  4.6
Air Magic      | 1 2 3 4 |  4.6
Earth Magic    | 1 2 3 4 |  4.6
Poison Magic   | 1 2 3 4 |  4.6
Fighting       | 3 4 5 6 |  6.2
Transmutations | 4 5 6 |  6.1
Dodging        | 5 6 7 |  7.3
Unarmed Combat | 7 8 |  8.7

Action                   |  1- 3 |  4- 6 |  7- 9 | 10-12 || total
-------------------------+-------+-------+-------+-------++-------
Melee: Unarmed           |    78 |   112 |   269 |   115 ||   574
       Headbutt          |     6 |    10 |       |       ||    16
       Kick              |     5 |    16 |       |       ||    21
       Bite              |     2 |     3 |     1 |     1 ||     7
       Punch             |     2 |       |       |       ||     2
 Cast: Beastly Appendage |    23 |    25 |       |       ||    48
       Wereblood         |     4 |    16 |    30 |     5 ||    55
       Spider Form       |       |     4 |    41 |     9 ||    54
       Ice Form          |       |       |       |     4 ||     4
  Use: Potion            |     1 |       |       |     5 ||     6
       Scroll            |       |     4 |     5 |     1 ||    10
 Stab: Sleeping          |       |     2 |     1 |     1 ||     4
Armor: Robe              |     7 |     3 |       |       ||    10
       Skin              |       |     2 |    10 |    24 ||    36
       Ring mail         |       |    15 |     9 |     2 ||    26
Dodge: Dodged            |    63 |    67 |   180 |    83 ||   393
Block: Other             |       |     4 |    27 |    17 ||    48
       Reflection        |       |       |     1 |       ||     1

Table legend: (Time is in decaauts)
 A = Elapsed time spent in this place.
 B = Non-inter-level travel time spent in this place.
 C = Inter-level travel time spent in this place.
 D = Time resting spent in this place.
 E = Time spent auto-exploring this place.
 F = Levels seen in this place.
 G = Mean time per level.
                   A        B        C        D        E       F      G
               +--------+--------+--------+--------+--------+-----+--------+
         Total |  10461 |  10177 |    284 |   2364 |   6149 |  10 | 1046.1 |
       Dungeon |   9865 |   9635 |    230 |   2270 |   5810 |   8 | 1233.1 |
        Temple |    113 |     60 |     53 |      0 |     39 |   1 |  113.0 |
         Sewer |    482 |    482 |      0 |     94 |    299 |   1 |  482.0 |
               +--------+--------+--------+--------+--------+-----+--------+

Top non-repeatable levels by time:
     D:4: 2023 daAuts
     D:7: 1889 daAuts
     D:6: 1629 daAuts
     D:2: 1409 daAuts
     D:1: 1003 daAuts
     D:3: 909 daAuts
     D:5: 728 daAuts
   Sewer: 482 daAuts
     D:8: 271 daAuts
  Temple: 113 daAuts
